 Dungeon Crawl Stone Soup version 0.30-a0-390-g80c34de65d (webtiles) character file.

Game seed: 2321078238023835121

467 purpskrrrp the Ruffian (level 6, -13/62 HPs)
             Began as a Troll Fighter on Dec 4, 2022.
             Was a Believer of Dithmenos.
             Mangled by an ogre
             ... wielding a +0 giant spiked club
              (28 damage)
             ... on level 5 of the Dungeon.
             The game lasted 00:04:19 (3393 turns).

purpskrrrp the Ruffian (Troll Fighter)              Turns: 3393, Time: 00:04:20

Health: -13/62     AC:  4    Str: 27    XL:     6   Next: 81%
Magic:  6/7        EV:  8    Int:  4    God:    Dithmenos [**....]
Gold:   288        SH:  9    Dex:  9    Spells: 5/5 levels left

rFire   . . .      SeeInvis .      - Unarmed
rCold   . . .      Faith    .    b - +2 kite shield
rNeg    . . .      Spirit   .    a - +0 robe
rPois   .          Reflect  .    (helmet restricted)
rElec   .          Harm     .    (no cloak)
rCorr   .          Rampage  .    (gloves unavailable)
Will    .....                    (boots unavailable)
Stlth   +.........               n - amulet of regeneration
HPRegen 1.90/turn                (no ring)
MPRegen 0.10/turn                (no ring)

@: wreathed by umbra
A: large, unfitting armour, claws 3, regeneration 1, shaggy fur 1, tough skin 1
a: Renounce Religion, Shadow Step


You were on level 5 of the Dungeon.
You worshipped Dithmenos.
Dithmenos was pleased with you.
You visited 1 branch of the dungeon, and saw 5 of its levels.

You collected 288 gold pieces.

Inventory:

Hand Weapons
 r - a +0 giant club of flaming
Armour
 a - a +0 robe (worn)
 b - a +2 kite shield (worn)
Jewellery
 n - an amulet of regeneration (around neck)
Wands
 e - a wand of flame (16)
Scrolls
 m - a scroll of immolation
Potions
 c - a potion of might
 d - 2 potions of flight
 f - 5 potions of curing
 i - a potion of degeneration
 j - 2 potions of attraction
 k - 3 potions of cancellation {unknown}
 l - a potion of berserk rage {unknown}
 o - a potion of heal wounds {unknown}
 p - a potion of haste {unknown}
 q - a potion of brilliance {unknown}


   Skills:
 + Level 3.8 Fighting
 - Level 2.4 Dodging
 - Level 2.6 Shields
 * Level 5.5 Unarmed Combat
 + Level 2.7 Invocations


You had 5 spell levels left.
You didn't know any spells.
Your spell library contained the following spells:

 Spells                   Type           Power      Damage    Failure   Level
 Summon Small Mammal      Summ           0%         N/A       80%         1
 Call Canine Familiar     Summ           0%         N/A       99%         3
 Hailstorm                Conj/Ice       0%         3d3       99%         3
 Summon Guardian Golem    Hex/Summ       0%         N/A       99%         3
 Ice Form                 Ice/Tmut       0%         N/A       100%        4
 Simulacrum               Ice/Necr       0%         N/A       100%        6


Dungeon Overview and Level Annotations

Branches:
Dungeon (5/15)
 Temple: D:4-7

Altars:
Dithmenos
Fedhas


Innate Abilities, Weirdness & Mutations

You are too large for most types of armour.
You have claws for hands.
Your natural rate of healing is unusually fast.
You are covered in fur. (AC +1)
You have tough skin. (AC +1)


Message History

You claw the hound!
The hound is severely wounded.
You block the hound's attack. The hound closely misses you.
You scratch the hound.
You kill the hound!
Dithmenos accepts your kill.
A dart slug comes into view.
You barely miss the ogre. You block the ogre's attack.
You claw the ogre!
The ogre is heavily wounded.
You barely miss the ogre.
The ogre is heavily wounded.
The ogre hits you with a +0 giant club!!
The ogre misses you.
You claw the ogre!
The ogre is almost dead.
The ogre hits you with a +0 giant club!!
* * * LOW HITPOINT WARNING * * *
You are too injured to fight recklessly!
You are too injured to fight recklessly!
You are too injured to fight recklessly!
You are too injured to fight recklessly!
You are too injured to fight recklessly!
You are too injured to fight recklessly!
You are too injured to fight recklessly!
You are too injured to fight recklessly!
You are too injured to fight recklessly!
You are too injured to fight recklessly!
You are too injured to fight recklessly!
You are too injured to fight recklessly!
You are too injured to fight recklessly!
You are too injured to fight recklessly!
You are too injured to fight recklessly!
You are too injured to fight recklessly!
You are too injured to fight recklessly!
You are too injured to fight recklessly!
Okay, then.
Okay, then.
The ogre hits you with a +0 giant spiked club!!
You die...

#. #....#.#
# #....#.#
###....#.#
#........#
#....#.###
##....#..<#
......#.###
#...#
..#####@###
...w..O.†.#
..#####O#.#
#.#.# #.. #
#.# #.# #.#
#.#


You could see 2 ogres and a dart slug.

Vanquished Creatures
  An ogre (D:4)
  A scorpion (D:4)
  A necrophage (D:4)
  3 hounds
  An iguana (D:4)
  An orc wizard (D:4)
  5 adders
  3 worms
  2 dart slugs
  An orc (D:3)
  9 ball pythons
  3 bats
  6 endoplasms
  6 giant cockroaches
  5 goblins
  4 hobgoblins
  3 jackals (D:2)
  2 quokkas (D:4)
  9 frilled lizards (D:1)
  8 kobolds
  5 rats
79 creatures vanquished.

Vanquished Creatures (others)
  10 plants (D:1)
10 creatures vanquished.

Grand Total: 89 creatures vanquished

Notes
Turn   | Place    | Note
-------+----------+-------------------------------------------
     0 | D:1      | purpskrrrp the Troll Fighter began the quest for the Orb.
     0 | D:1      | Reached XP level 1. HP: 22/22 MP: 0/0
   343 | D:1      | Reached XP level 2. HP: 29/29 MP: 1/1
   646 | D:1      | Found a faded altar of an unknown god.
   987 | D:1      | Prayed at the altar of an unknown god.
   987 | D:1      | Became a worshipper of Dithmenos the Shadowed
   987 | D:1      | Reached * piety under Dithmenos
  1124 | D:2      | Reached skill level 3 in Unarmed Combat
  1124 | D:2      | Reached XP level 3. HP: 36/36 MP: 2/2
  1309 | D:2      | Found a blossoming altar of Fedhas.
  1536 | D:2      | Reached ** piety under Dithmenos
  1715 | D:2      | Reached skill level 1 in Invocations
  1893 | D:3      | Reached XP level 4. HP: 44/44 MP: 3/3
  2441 | D:4      | Noticed a scorpion
  2449 | D:4      | Killed a scorpion
  2450 | D:4      | Reached skill level 4 in Unarmed Combat
  2450 | D:4      | Reached XP level 5. HP: 46/53 MP: 5/5
  2648 | D:4      | Reached XP level 6. HP: 61/61 MP: 6/6
  2651 | D:4      | Reached skill level 5 in Unarmed Combat
  3354 | D:5      | Entered Level 5 of the Dungeon
  3393 | D:5      | Mangled by an ogre

Illustrated notes

Levels and vault maps discovered:
D:1:      psy_arrival_radial01, layout_basic, shapermc_ecumenical_altar_petra,
          minmay_misc_feat_five, minmay_lizard_king
D:2:      layout_basic, basic_altar, minmay_misc_feat_square,
          kennysheep_doodads, st_stairs_3, chequers_hall_statues_wall_a
D:3:      layout_rooms
D:4:      layout_loops_corners, kennysheep_nondescript,
          dreamdust_princess_corridor, st_stairs_11, hangedman_minor_gate_pass
D:5:      layout_basic, mainiacjoe_overflow_alcove_1,
          minmay_temple_entry_slanted, gammafunk_ghost_mausoleum,
          solitary_fountain

Skill      XL: |  1  2  3  4  5  6 |
---------------+-------------------+-----
Unarmed Combat | 3 4 5 |  5.5
Invocations    | 1 2 |  2.7
Fighting       | 3 |  3.8
Dodging        | |  2.4
Shields        | |  2.6

Action                   |  1- 3 |  4- 6 || total
-------------------------+-------+-------++-------
Melee: Unarmed           |   106 |   101 ||   207
  Use: Scroll            |       |    12 ||    12
 Stab: Sleeping          |       |     1 ||     1
Armor: Robe              |    28 |    27 ||    55
Dodge: Dodged            |    40 |    47 ||    87
Block: Kite shield       |    22 |    42 ||    64

Table legend: (Time is in decaauts)
 A = Elapsed time spent in this place.
 B = Non-inter-level travel time spent in this place.
 C = Inter-level travel time spent in this place.
 D = Time resting spent in this place.
 E = Time spent auto-exploring this place.
 F = Levels seen in this place.
 G = Mean time per level.
                   A        B        C        D        E       F      G
               +--------+--------+--------+--------+--------+-----+--------+
         Total |   3406 |   3189 |    217 |      0 |   2625 |   5 |  681.2 |
       Dungeon |   3406 |   3189 |    217 |      0 |   2625 |   5 |  681.2 |
               +--------+--------+--------+--------+--------+-----+--------+

Top non-repeatable levels by time:
     D:1: 1043 daAuts
     D:4: 1036 daAuts
     D:2: 848 daAuts
     D:3: 440 daAuts
     D:5: 38 daAuts
